TOP OF THE 1ST |
Saskatoon Smokin' Guns batting - Pitching for Salem Sledgehammers : LHP Miguel Galván
|
Pitching: LHP Miguel Galván
|
|
Batting: SHB Michael Miller
|
0-0: Ball 1-0: Called Strike 1-1: Ball 2-1: Ball 3-1: Base on Balls
|
Batting: RHB César Rodríguez
|
0-0: Ball 1-0: Called Strike Michael Miller is caught stealing 2nd base 1-1: Foul Ball, location: 2F 1-2: Strikes out swinging
|
Batting: LHB José Lińares
|
0-0: Called Strike 0-1: Called Strike 0-2: Foul Ball, location: 2F 0-2: Ball 1-2: Foul Ball, location: 2F 1-2: Ball 2-2: Ball 3-2: Strikes out looking
|
Top of the 1st over - 0 run(s), 0 hit(s), 0 error(s), 0 left on base; Saskatoon 0 - Salem 0 |
BOTTOM OF THE 1ST |
Salem Sledgehammers batting - Pitching for Saskatoon Smokin' Guns : RHP Daniel Casey
|
Pitching: RHP Daniel Casey
|
|
Batting: RHB Luis Bustamante
|
0-0: Ball 1-0: Swinging Strike 1-1: SINGLE (Groundball, 6MD)
|
Batting: LHB José Rivera
|
0-0: Swinging Strike 0-1: Ball 1-1: TRIPLE (Line Drive, 89D) Luis Bustamante scores
|
Batting: LHB Nathan Frey
|
0-0: Ball 1-0: Called Strike 1-1: Called Strike 1-2: 2-RUN HOME RUN (Flyball, 9D), Distance : 417 ft
|
Batting: SHB Júlio Salazar
|
0-0: Ball 1-0: Ball 2-0: Ball 3-0: Called Strike 3-1: Base on Balls
|
Batting: RHB Bobby Miller
|
0-0: Swinging Strike 0-1: Swinging Strike 0-2: Strikes out swinging
|
Batting: SHB Enrique Uribe
|
0-0: Called Strike Júlio Salazar is caught stealing 2nd base 0-1: Ball 1-1: Swinging Strike 1-2: Ball 2-2: Foul Ball, location: 2F 2-2: Foul Ball, location: 2F 2-2: Strikes out swinging
|
Bottom of the 1st over - 3 run(s), 3 hit(s), 0 error(s), 0 left on base; Saskatoon 0 - Salem 3 |
TOP OF THE 2ND |
Saskatoon Smokin' Guns batting - Pitching for Salem Sledgehammers : LHP Miguel Galván
|
Batting: RHB Luis Ibarra
|
0-0: Called Strike 0-1: SINGLE (Flyball, 9S)
|
Batting: LHB Russell Peck
|
0-0: Called Strike 0-1: Ball 1-1: Ball 2-1: Foul Ball, location: 2F 2-2: Ball 3-2: Foul Ball, location: 2F 3-2: Strikes out looking Luis Ibarra steals 2nd base Batter strikes out.
|
Batting: RHB Xavier López
|
0-0: SINGLE (Line Drive, 78M) Luis Ibarra to third Runner from 3rd tries for Home, SAFE, no throw or cutoff
|
Batting: RHB Alvin Hampton
|
0-0: Called Strike 0-1: Ball 1-1: Ball 2-1: Ball 3-1: Foul Ball, location: 2F 3-2: Base on Balls Xavier López to second
|
Batting: LHB Bo Rush
|
0-0: Ball 1-0: Swinging Strike 1-1: Ball 2-1: Swinging Strike 2-2: Strikes out swinging
|
Batting: RHB Ben Fisher
|
0-0: Ball 1-0: Ball 2-0: Swinging Strike 2-1: Foul Ball, location: 2F 2-2: Strikes out looking
|
Top of the 2nd over - 1 run(s), 2 hit(s), 0 error(s), 2 left on base; Saskatoon 1 - Salem 3 |
BOTTOM OF THE 2ND |
Salem Sledgehammers batting - Pitching for Saskatoon Smokin' Guns : RHP Daniel Casey
|
Batting: RHB Patrick Daniels
|
0-0: Called Strike 0-1: Ball 1-1: Swinging Strike 1-2: Ball 2-2: Strikes out swinging
|
Batting: LHB Caleb Hall
|
0-0: Foul Ball, location: 2F 0-1: Ball 1-1: Fly out, F8 (Flyball, 78M)
|
Batting: RHB Lakota O'Reilly
|
0-0: Ball 1-0: Ground out 4-3 (Groundball, 4MS)
|
Bottom of the 2nd over - 0 run(s), 0 hit(s), 0 error(s), 0 left on base; Saskatoon 1 - Salem 3 |
TOP OF THE 3RD |
Saskatoon Smokin' Guns batting - Pitching for Salem Sledgehammers : LHP Miguel Galván
|
Batting: SHB Michael Miller
|
0-0: Ball 1-0: Ball 2-0: Ball 3-0: Called Strike 3-1: Called Strike 3-2: Foul Ball, location: 2F 3-2: Strikes out swinging
|
Batting: RHB César Rodríguez
|
0-0: Called Strike 0-1: Ball 1-1: Ball 2-1: Ball 3-1: Foul Ball, location: 2F 3-2: Base on Balls
|
Batting: LHB José Lińares
|
0-0: Ball 1-0: Called Strike 1-1: Ball 2-1: Grounds into double play, U4-3 (Groundball, 4)
|
Top of the 3rd over - 0 run(s), 0 hit(s), 0 error(s), 0 left on base; Saskatoon 1 - Salem 3 |
BOTTOM OF THE 3RD |
Salem Sledgehammers batting - Pitching for Saskatoon Smokin' Guns : RHP Daniel Casey
|
Batting: RHB Luis Bustamante
|
0-0: Ball 1-0: Foul Ball, location: 2F 1-1: Swinging Strike 1-2: SINGLE (Groundball, 6D)
|
Batting: LHB José Rivera
|
0-0: Ball 1-0: Swinging Strike 1-1: Called Strike 1-2: Ball 2-2: Fly out, F9 (Flyball, 89M)
|
Batting: LHB Nathan Frey
|
0-0: Ball 1-0: Ball 2-0: Called Strike 2-1: Ball 3-1: Base on Balls Luis Bustamante to second
|
Batting: SHB Júlio Salazar
|
0-0: Ball 1-0: Ball 2-0: Foul Ball, location: 2F 2-1: Foul Ball, location: 2F 2-2: Grounds into double play, 4-6-3 (Groundball, 34)
|
Bottom of the 3rd over - 0 run(s), 1 hit(s), 0 error(s), 1 left on base; Saskatoon 1 - Salem 3 |
TOP OF THE 4TH |
Saskatoon Smokin' Guns batting - Pitching for Salem Sledgehammers : LHP Miguel Galván
|
Batting: RHB Luis Ibarra
|
0-0: Ball 1-0: Called Strike 1-1: Ball 2-1: Foul Ball, location: 2F 2-2: Foul Ball, location: 2F 2-2: Ball 3-2: Foul Ball, location: 2F 3-2: Strikes out looking
|
Batting: LHB Russell Peck
|
0-0: Called Strike 0-1: Ground out 6-3 (Groundball, 6M)
|
Batting: RHB Xavier López
|
0-0: Ball 1-0: Ball 2-0: Foul Ball, location: 2F 2-1: Foul Ball, location: 2F 2-2: Foul Ball, location: 2F 2-2: Strikes out swinging
|
Top of the 4th over - 0 run(s), 0 hit(s), 0 error(s), 0 left on base; Saskatoon 1 - Salem 3 |
BOTTOM OF THE 4TH |
Salem Sledgehammers batting - Pitching for Saskatoon Smokin' Guns : RHP Daniel Casey
|
Batting: RHB Bobby Miller
|
0-0: Swinging Strike 0-1: Ball 1-1: Ball 2-1: Foul Ball, location: 2F 2-2: SINGLE (Line Drive, 6D)
|
Batting: SHB Enrique Uribe
|
0-0: Ball 1-0: Called Strike 1-1: Foul Ball, location: 2F 1-2: Strikes out looking
|
Batting: RHB Patrick Daniels
|
0-0: Ground out 5-3 (Groundball, 56S) Bobby Miller to second
|
Batting: LHB Caleb Hall
|
0-0: Ball 1-0: Ball 2-0: Called Strike 2-1: Called Strike 2-2: Strikes out swinging
|
Bottom of the 4th over - 0 run(s), 1 hit(s), 0 error(s), 1 left on base; Saskatoon 1 - Salem 3 |
TOP OF THE 5TH |
Saskatoon Smokin' Guns batting - Pitching for Salem Sledgehammers : LHP Miguel Galván
|
Batting: RHB Alvin Hampton
|
0-0: Ball 1-0: Fly out, F4 (Popup, 4D)
|
Batting: LHB Bo Rush
|
0-0: Called Strike 0-1: Called Strike 0-2: Ball 1-2: Ball 2-2: Ball 3-2: Strikes out looking
|
Batting: RHB Ben Fisher
|
0-0: Called Strike 0-1: Ball 1-1: Foul Ball, location: 2F 1-2: Ball 2-2: Ball 3-2: Strikes out looking
|
Top of the 5th over - 0 run(s), 0 hit(s), 0 error(s), 0 left on base; Saskatoon 1 - Salem 3 |
BOTTOM OF THE 5TH |
Salem Sledgehammers batting - Pitching for Saskatoon Smokin' Guns : RHP Daniel Casey
|
Batting: RHB Lakota O'Reilly
|
0-0: Swinging Strike 0-1: Foul Ball, location: 2F 0-2: Foul Ball, location: 2F 0-2: Ball 1-2: Ball 2-2: Ball 3-2: Strikes out swinging
|
Batting: RHB Luis Bustamante
|
0-0: Ground out 6-3 (Groundball, 6M)
|
Batting: LHB José Rivera
|
0-0: Called Strike 0-1: Ground out 4-3 (Groundball, 4M)
|
Bottom of the 5th over - 0 run(s), 0 hit(s), 0 error(s), 0 left on base; Saskatoon 1 - Salem 3 |
TOP OF THE 6TH |
Saskatoon Smokin' Guns batting - Pitching for Salem Sledgehammers : LHP Miguel Galván
|
Pitching: LHP Sean Yarbrough
|
|
Batting: SHB Michael Miller
|
0-0: Foul Ball, location: 2F 0-1: Ball 1-1: Ball 2-1: Ball 3-1: Ground out 6-3 (Groundball, 6)
|
Batting: RHB César Rodríguez
|
0-0: Called Strike 0-1: Ball 1-1: Ground out 5-3 (Groundball, 5S)
|
Batting: LHB José Lińares
|
0-0: SOLO HOME RUN (Flyball, 9D), Distance : 401 ft
|
Batting: RHB Luis Ibarra
|
0-0: Ball 1-0: Called Strike 1-1: Foul Ball, location: 2F 1-2: Ball 2-2: Strikes out looking
|
Top of the 6th over - 1 run(s), 1 hit(s), 0 error(s), 0 left on base; Saskatoon 2 - Salem 3 |
BOTTOM OF THE 6TH |
Salem Sledgehammers batting - Pitching for Saskatoon Smokin' Guns : RHP Daniel Casey
|
Batting: LHB Nathan Frey
|
0-0: Foul Ball, location: 2F 0-1: Ground out 4-3 (Groundball, 4)
|
Batting: SHB Júlio Salazar
|
0-0: Called Strike 0-1: Ball 1-1: Ball 2-1: Ball 3-1: Foul Ball, location: 2F 3-2: Foul Ball, location: 2F 3-2: Foul Ball, location: 2F 3-2: Foul Ball, location: 2F 3-2: Fly out, F8 (Flyball, 8RXD)
|
Batting: RHB Bobby Miller
|
0-0: Fly out, F8 (Flyball, 8LM)
|
Bottom of the 6th over - 0 run(s), 0 hit(s), 0 error(s), 0 left on base; Saskatoon 2 - Salem 3 |
TOP OF THE 7TH |
Saskatoon Smokin' Guns batting - Pitching for Salem Sledgehammers : LHP Sean Yarbrough
|
Batting: LHB Russell Peck
|
0-0: Ball 1-0: Ball 2-0: Ball 3-0: Called Strike 3-1: Base on Balls
|
Batting: RHB Xavier López
|
0-0: Bunted foul 0-1: Bunted foul 0-2: Ball 1-2: Foul Ball, location: 2F 1-2: Ball 2-2: Ball 3-2: Base on Balls Russell Peck to second
|
Batting: RHB Alvin Hampton
|
0-0: Sac Bunt - play at third, runner OUT! 5-6 Xavier López to second
|
Pinch Hitting: LHB Raúl Casillán
|
0-0: Ball 1-0: Ball 2-0: Called Strike 2-1: Swinging Strike 2-2: Strikes out swinging
|
Pinch Hitting: RHB Peter Bryant
|
0-0: Foul Ball, location: 2F 0-1: Called Strike 0-2: Ball 1-2: Foul Ball, location: 2F 1-2: Foul Ball, location: 2F 1-2: Strikes out swinging
|
Top of the 7th over - 0 run(s), 0 hit(s), 0 error(s), 2 left on base; Saskatoon 2 - Salem 3 |
BOTTOM OF THE 7TH |
Salem Sledgehammers batting - Pitching for Saskatoon Smokin' Guns : RHP Daniel Casey
|
Pitching: RHP Luis Mejía
|
|
Now at 1B: Juan Chávez
|
|
Now at 3B: Peter Bryant
|
|
Batting: SHB Enrique Uribe
|
0-0: Ground out 6-3 (Groundball, 6)
|
Batting: RHB Patrick Daniels
|
0-0: Foul Ball, location: 2F 0-1: Foul Ball, location: 2F 0-2: Strikes out swinging
|
Batting: LHB Caleb Hall
|
0-0: Ball 1-0: Fly out, F9 (Flyball, 89S)
|
Bottom of the 7th over - 0 run(s), 0 hit(s), 0 error(s), 0 left on base; Saskatoon 2 - Salem 3 |
TOP OF THE 8TH |
Saskatoon Smokin' Guns batting - Pitching for Salem Sledgehammers : LHP Sean Yarbrough
|
Pitching: LHP Alberto Pagán
|
|
Batting: SHB Michael Miller
|
0-0: Ball 1-0: Ball 2-0: Ball 3-0: Called Strike 3-1: Swinging Strike 3-2: Ground out 5-3 (Groundball, 5S)
|
Pitching: RHP Blake Koepke
|
|
Batting: RHB César Rodríguez
|
0-0: Ball 1-0: Foul Ball, location: 2F 1-1: SINGLE (Flyball, 9S)
|
Pitching: LHP Ken Johnston
|
|
Batting: LHB José Lińares
|
0-0: Grounds into double play, 4-6-3 (Groundball, 4)
|
Top of the 8th over - 0 run(s), 1 hit(s), 0 error(s), 0 left on base; Saskatoon 2 - Salem 3 |
BOTTOM OF THE 8TH |
Salem Sledgehammers batting - Pitching for Saskatoon Smokin' Guns : RHP Luis Mejía
|
Batting: RHB Lakota O'Reilly
|
0-0: Ball 1-0: Ball 2-0: Foul Ball, location: 2F 2-1: Ball 3-1: Called Strike 3-2: Foul Ball, location: 2F 3-2: Base on Balls
|
Batting: RHB Luis Bustamante
|
0-0: 2-RUN HOME RUN (Line Drive, 78XD), Distance : 417 ft
|
Batting: LHB José Rivera
|
0-0: Foul Ball, location: 2F 0-1: Swinging Strike 0-2: Strikes out looking
|
Batting: LHB Nathan Frey
|
0-0: Foul Ball, location: 2F 0-1: Foul Ball, location: 2F 0-2: Foul Ball, location: 2F 0-2: Ball 1-2: Ball 2-2: Foul Ball, location: 2F 2-2: Foul Ball, location: 2F 2-2: Fly out, F7 (Flyball, 7S)
|
Batting: SHB Júlio Salazar
|
0-0: Fly out, F6 (Popup, 56)
|
Bottom of the 8th over - 2 run(s), 1 hit(s), 0 error(s), 0 left on base; Saskatoon 2 - Salem 5 |
TOP OF THE 9TH |
Saskatoon Smokin' Guns batting - Pitching for Salem Sledgehammers : LHP Ken Johnston
|
Pitching: RHP Norberto Deleón
|
|
Batting: RHB Luis Ibarra
|
0-0: Ball 1-0: Called Strike 1-1: Called Strike 1-2: Foul Ball, location: 2F 1-2: Strikes out swinging
|
Batting: LHB Russell Peck
|
0-0: Swinging Strike 0-1: Fly out, F6 (Line Drive, 6)
|
Batting: RHB Xavier López
|
0-0: Ball 1-0: Foul Ball, location: 2F 1-1: SINGLE (Flyball, 7S)
|
Batting: RHB Alvin Hampton
|
0-0: Ball 1-0: Ball Wild Pitch! Xavier López to second 2-0: Called Strike 2-1: Called Strike 2-2: Strikes out swinging
|
Top of the 9th over - 0 run(s), 1 hit(s), 0 error(s), 1 left on base; Saskatoon 2 - Salem 5 |
|